 Dungeon Crawl Stone Soup version 0.31-a0-234-gad7ace16ef (webtiles) character file.

Game seed: 717566309139919108

252 qw the Shooter (level 5, 0/45 HPs)
             Began as a Minotaur Hexslinger on July 9, 2023.
             Was an Initiate of Okawaru.
             Killed from afar by Blork the orc (5 damage)
             ... with a magic dart
             ... on level 4 of the Dungeon.
             The game lasted 00:01:19 (3504 turns).

qw the Shooter (Minotaur Hexslinger)                Turns: 3504, Time: 00:01:20

Health: 0/45       AC:  5    Str: 18 (19) XL:     5   Next: 89%
Magic:  5/5        EV: 11    Int: 10      God:    Okawaru [......]
Gold:   209        SH:  0    Dex: 14      Spells: 5/6 levels left

rFire   . . .        Y - +2 sling
rCold   . . .        (no shield)
rNeg    . . .        j - +0 ring mail
rPois   .            (helmet restricted)
rElec   .            (no cloak)
rCorr   .            (no gloves)
SInv    .            (no boots)
Will    .....        (no amulet)
Stlth   +            e - +6 ring of strength
HPRegen 0.27/turn    (no ring)
MPRegen 0.09/turn

%: no passive effects
@: no status effects
A: horns 2, retaliatory headbutt
a: Renounce Religion


You were on level 4 of the Dungeon.
You worshipped Okawaru.
Okawaru was noncommittal.
You visited 1 branch of the dungeon, and saw 4 of its levels.

You collected 209 gold pieces.


Innate Abilities, Weirdness & Mutations

You have a pair of horns on your head.
You reflexively headbutt those who attack you in melee.


   Skills:
 + Level 3.1 Fighting
 - Level 6.1 Ranged Weapons
 - Level 1.1 Armour
 - Level 2.1 Dodging
 - Level 1.0 Spellcasting
 - Level 2.0 Hexes


You had 5 spell levels left.
You knew the following spells:

 Your Spells              Type           Power      Damage    Failure   Level
a - Slow                  Hex            16%        N/A       26%         1

Your spell library contained the following spells:

 Spells                   Type           Power      Damage    Failure   Level
 Inner Flame              Hex/Fire       2%         N/A       77%         3
 Portal Projectile        Hex/Tloc       4%         N/A       77%         3
 Cause Fear               Hex            2%         N/A       95%         4

Inventory:

Hand Weapons
 Y - a +2 sling (weapon)
Armour
 j - a +0 ring mail (worn)
Jewellery
 e - a +6 ring of strength (left hand)
 g - a +6 ring of intelligence
Scrolls
 f - a scroll of identify
Potions
 a - a potion of curing {unknown}
 b - a potion of attraction {unknown}
 c - a potion of brilliance {unknown}
 d - a potion of magic {unknown}
 h - a potion of might {unknown}
 i - 2 potions of enlightenment

Dungeon Overview and Level Annotations

Branches:
Dungeon (4/15)
 Temple: D:4-7

Altars:
Okawaru
Qazlal
Sif Muna
Trog

Shops:
D:1 !   D:2 =

Annotations:
D:4 Blork the orc


Message History

You shoot a sling bullet. The sling bullet hits Blork the orc.
Blork the orc is lightly wounded.
Blork the orc screams, "I'll eat your brain!
And then I'll vomit it back up!"
Blork the orc completely misses you.
You shoot a sling bullet.
The sling bullet barely misses Blork the orc.
Blork the orc hits you with a +0 long sword!
Blork the orc hits you with a +0 long sword.
You shoot a sling bullet.
The sling bullet closely misses Blork the orc.
Blork the orc hits you with a +0 long sword.
You shoot a sling bullet.
The sling bullet closely misses Blork the orc.
Blork the orc hits you with a +0 long sword!
You shoot a sling bullet.
The sling bullet barely misses Blork the orc.
Blork the orc misses you.
You shoot a sling bullet. The sling bullet hits Blork the orc.
Blork the orc is moderately wounded.
Blork the orc closely misses you.
You shoot a sling bullet.
The sling bullet barely misses Blork the orc.
Blork the orc hits you with a +0 long sword. x2
You shoot a sling bullet.
The sling bullet hits Blork the orc but does no damage.
Blork the orc is moderately wounded.
Blork the orc mumbles some strange words.
Blork the orc seems to speed up.
You shoot a sling bullet.
The sling bullet barely misses Blork the orc.
Blork the orc closely misses you.
Blork the orc hits you with a +0 long sword.
You shoot a sling bullet. The sling bullet hits Blork the orc.
Blork the orc is heavily wounded.
Blork the orc looks satisfied for a moment.
You shoot a sling bullet. The sling bullet hits Blork the orc!
Blork the orc is severely wounded.
Blork the orc gestures at you while chanting.
The magic dart hits you.
You die...

+....#...#.....#..........#..
#####....'...#..[.)#..........#..
.........#...#.....#..).......'..
.....?.<.#...#.....#########..#..
.........##'###...## #.####
.....#####....#..%### #.##..
.....#...'....+.....# #..#..
.....'...#....#.....# .... #..#..
.....#####....#.@.### #..###..#..
..............#.o.# .... #..#..
..............#...# #..###..#..
..............+.).# .o.._#..#..
..............###'#####..###
.....#+###.........##8.....#
.....# .........'##8..8# .....#
.........#...K.## .....#
.........###+##.....


You could see Blork the orc (fast).

Vanquished Creatures
  An orc priest (D:3)
  A hound (D:4)
  An iguana (D:3)
  5 gnolls
  3 adders
  2 worms
  A dart slug (D:3)
  3 orcs
  6 endoplasms
  A giant cockroach (D:1)
  8 goblins
  13 hobgoblins
  7 jackals
  6 kobolds
  4 ball pythons
  8 bats
  5 frilled lizards (D:1)
  5 rats
80 creatures vanquished.

Notes
Turn   | Place    | Note
-------+----------+-------------------------------------------
     0 | D:1      | qw the Minotaur Hexslinger began the quest for the Orb.
     0 | D:1      | Reached XP level 1. HP: 16/16 MP: 1/1
     0 | D:1      | 0 ||| qw: Version: 0.3-a-51-g015441d
     0 | D:1      | 0 ||| qw: Game counter: 4293
     0 | D:1      | 0 ||| qw: Melee chars always use a shield: true
     0 | D:1      | 0 ||| qw: God list: Okawaru
     0 | D:1      | 0 ||| qw: Allow faded altars: false
     0 | D:1      | 0 ||| qw: Do Orc after clearing Dungeon:15 true
     0 | D:1      | 0 ||| qw: Do second Lair branch before Depths: true
     0 | D:1      | 0 ||| qw: Lair rune preference: random
     0 | D:1      | 0 ||| qw: Goals: Normal
     0 | D:1      | 0 ||| PLANNING D:1-11
   156 | D:1      | Reached skill level 3 in Ranged Weapons
   157 | D:1      | Reached XP level 2. HP: 13/23 MP: 2/2
   157 | D:1      | 157 ||| FLEEEEING.
   158 | D:1      | 158 ||| FLEEEEING.
   159 | D:1      | 159 ||| FLEEEEING.
   160 | D:1      | 160 ||| FLEEEEING.
   161 | D:1      | 161 ||| FLEEEEING.
   162 | D:1      | 162 ||| FLEEEEING.
   163 | D:1      | 163 ||| FLEEEEING.
   164 | D:1      | 164 ||| FLEEEEING.
   165 | D:1      | 165 ||| FLEEEEING.
   166 | D:1      | 166 ||| FLEEEEING.
   167 | D:1      | 167 ||| FLEEEEING.
   168 | D:1      | 168 ||| FLEEEEING.
   169 | D:1      | 169 ||| FLEEEEING.
   171 | D:1      | 171 ||| FLEEEEING.
   173 | D:1      | 173 ||| FLEEEEING.
   174 | D:1      | 174 ||| FLEEEEING.
   175 | D:1      | 175 ||| FLEEEEING.
   176 | D:1      | 176 ||| FLEEEEING.
   177 | D:1      | 177 ||| FLEEEEING.
   178 | D:1      | 178 ||| FLEEEEING.
   179 | D:1      | 179 ||| FLEEEEING.
   181 | D:1      | 181 ||| FLEEEEING.
   182 | D:1      | 182 ||| FLEEEEING.
   183 | D:1      | 183 ||| FLEEEEING.
   258 | D:1      | Found Luagin's Distillery.
   264 | D:1      | 264 ||| SHOPLISTING potion of curing (36 gold, have 10).
   264 | D:1      | 264 ||| SHOPLISTING potion of heal wounds (60 gold, have
                  | 10).
   444 | D:1      | Found a faded altar of an unknown god.
   557 | D:1      | Reached XP level 3. HP: 28/29 MP: 3/3
   705 | D:1      | 705 ||| UPGRADING to +0 ring mail.
   715 | D:1      | 715 ||| DROPPING +0 robe.
   716 | D:1      | 716 ||| UPGRADING to +6 ring of strength.
   717 | D:1      | 717 ||| READING 3 scrolls labelled YTIOPS WUGOU.
   718 | D:1      | 718 ||| READING scroll labelled PAOSYT OCUJ.
   719 | D:1      | 719 ||| READING scroll labelled BARGHUMNEGO.
   720 | D:1      | 720 ||| DRINKING 2 emerald potions.
   721 | D:1      | 721 ||| DROPPING 2 scrolls of amnesia.
   722 | D:1      | 722 ||| DROPPING scroll of poison.
   723 | D:1      | 723 ||| DROPPING potion of degeneration.
  1017 | D:2      | Identified the +5 mace "Pesus" {freeze, Dex+5}
  1130 | D:2      | Reached skill level 4 in Ranged Weapons
  1136 | D:2      | 1136 ||| Stepping ~*~*~tactically~*~*~ (outnumbered).
  1144 | D:2      | Reached skill level 1 in Armour
  1153 | D:2      | Reached XP level 4. HP: 25/36 MP: 4/4
  1508 | D:2      | Found Ocuguriz's Jewellery Shoppe.
  1513 | D:2      | 1513 ||| SHOPLISTING amulet of reflection (330 gold, have
                  | 131).
  1513 | D:2      | 1513 ||| SHOPLISTING amulet of regeneration (330 gold, have
                  | 131).
  1513 | D:2      | 1513 ||| SHOPLISTING ring of fire (275 gold, have 131).
  1513 | D:2      | 1513 ||| SHOPLISTING ring of poison resistance (220 gold,
                  | have 131).
  1513 | D:2      | 1513 ||| SHOPLISTING ring of positive energy (220 gold,
                  | have 131).
  1606 | D:2      | 1606 ||| READING scroll labelled ZYEMETHOING.
  1707 | D:2      | 1707 ||| READING scroll labelled COITU COHITT.
  1708 | D:2      | 1708 ||| DRINKING 2 golden potions.
  1840 | D:3      | Found a bloodstained altar of Trog.
  2150 | D:3      | HP: 5/36 [gnoll/+0 spear (6)]
  2152 | D:3      | Reached skill level 5 in Ranged Weapons
  2153 | D:3      | 2153 ||| FLEEEEING.
  2380 | D:3      | Reached XP level 5. HP: 31/44 MP: 5/5
  2393 | D:3      | Reached skill level 3 in Fighting
  2544 | D:3      | Found a shimmering blue altar of Sif Muna.
  2763 | D:3      | 2763 ||| FLEEEEING.
  2881 | D:3      | Found an iron altar of Okawaru.
  2882 | D:3      | 2882 ||| PLANNING OKAWARU WORSHIP
  2882 | D:3      | 2882 ||| DROPPING scarf of harm.
  2883 | D:3      | 2883 ||| READING scroll labelled HUSHUPL PAOFUT.
  2884 | D:3      | 2884 ||| READING scroll labelled LURIPNAESO.
  2885 | D:3      | 2885 ||| READING scroll labelled DEYNIL HUOBB.
  2889 | D:3      | 2889 ||| READING 2 scrolls of identify.
  2889 | D:3      | 2889 ||| IDENTIFYING white potion
  2900 | D:3      | Became a worshipper of Warmaster Okawaru
  2901 | D:3      | 2901 ||| PLANNING D:1-11
  3066 | D:4      | 3066 ||| STAIRDANCE
  3071 | D:3      | HP: 8/45 [orc priest/+0 morningstar (6)]
  3072 | D:3      | 3072 ||| DRINKING potion of heal wounds.
  3280 | D:4      | 3280 ||| Stepping ~*~*~tactically~*~*~ (outnumbered).
  3292 | D:4      | Reached skill level 6 in Ranged Weapons
  3475 | D:4      | Found a stormy altar of Qazlal.
  3478 | D:4      | Noticed Blork the orc
  3480 | D:4      | 3480 ||| FLEEEEING.
  3481 | D:4      | 3481 ||| FLEEEEING.
  3482 | D:4      | 3482 ||| FLEEEEING.
  3483 | D:4      | 3483 ||| FLEEEEING.
  3484 | D:4      | 3484 ||| FLEEEEING.
  3486 | D:4      | 3486 ||| FLEEEEING.
  3487 | D:4      | 3487 ||| FLEEEEING.
  3488 | D:4      | 3488 ||| FLEEEEING.
  3489 | D:4      | 3489 ||| FLEEEEING.
  3500 | D:4      | HP: 6/45 [Blork the orc/+0 long sword (6)]
  3504 | D:4      | Killed from afar by Blork the orc

Levels and vault maps discovered:
D:1:      wander_arrival_fairy_ring, layout_basic,
          chequers_ecumenical_altar_island, serial_shops,
          nicolae_shop_rolling_square
D:2:      layout_loops_corners, serial_shops, nicolae_shop_hallway_plus
D:3:      minmay_razor_zed, layout_loops_corners,
          mainiacjoe_overflow_six_doors_small, okawaru_gym_becter,
          nicolae_sif_muna_condensation, serial_park_tiny_2
D:4:      layout_gridville, ashenzari_conservatory_becter, minitemple,
          minmay_close_crescents, uniq_blork_the_orc

Skill      XL: |  1  2  3  4  5 |
---------------+----------------+-----
Ranged Weapons | 3 4 5 6 |  6.1
Fighting       | 2 3 |  3.1
Armour         | 1 |  1.1
Dodging        | |  2.1
Spellcasting   | |  1.0
Hexes          | |  2.0

Action                     |  1- 3 |  4- 6 || total
---------------------------+-------+-------++-------
   Fire: Sling             |    97 |   164 ||   261
    Use: Scroll            |     3 |     6 ||     9
         Potion            |     1 |     2 ||     3
 Armour: Robe              |     5 |       ||     5
         Ring mail         |     1 |    20 ||    21
  Dodge: Dodged            |    20 |    66 ||    86

Table legend:
 A = Non-vault XP
 B = Vault XP
 C = Vault XP percentage of total XP
 D = Non-vault monster count
 E = Vault monster count
 F = Vault count percentage of total count
                 A         B        C        D         E       F
            +---------+---------+-------+---------+---------+-------
      Total |     220 |     141 |  39.1 |      65 |      15 |  18.8
            +---------+---------+-------+---------+---------+-------
        D:1 |      47 |       0 |   0.0 |      29 |       0 |   0.0
        D:2 |      76 |       0 |   0.0 |      13 |       0 |   0.0
        D:3 |      85 |      75 |  46.9 |      17 |       9 |  34.6
        D:4 |      12 |      66 |  84.6 |       6 |       6 |  50.0
            +---------+---------+-------+---------+---------+-------
